 Dungeon Crawl Stone Soup version 0.32-a0-131-g9dbbe29261 (webtiles) character file.

Game seed: 8358017711972030707

45 zeratav the Sneak (level 3, -2/23 HPs)
             Began as an Octopode Shapeshifter on Feb 8, 2024.
             Slain by Robin
             ... wielding a +3 dagger of flaming
              (6 damage)
             ... on level 2 of the Dungeon.
             The game lasted 00:01:07 (1223 turns).

zeratav the Sneak (Octopode Shapeshifter)           Turns: 1223, Time: 00:01:08

Health: -2/23      AC:  1    Str: 15    XL:     3   Next: 64%
Magic:  3/3        EV: 13    Int: 12    God:
Gold:   27         SH:  0    Dex: 11    Spells: 2/2 levels left

rFire   . .          .
                       - Unarmed
rCold   . . .        (no shield)
rNeg    . . .        (helmet currently unavailable)
rPois   .            (no amulet)
rElec   .            (no ring)
rCorr   .            (no ring)
SInv    .            (no ring)
Will    .....        (no ring)
Stlth   ++++         (no ring)
HPRegen 0.23/turn    (no ring)
MPRegen 0.08/turn    (no ring)
                     (no ring)

%: no passive effects
@: beast-form
A: beast (slay +1), almost no armour, amphibious, 8 rings, camouflage 1,
gelatinous body 1, (nimble swimmer 1), tentacles
a: Begin Untransformation


You were on level 2 of the Dungeon.
You were a hulking beast.
You visited 1 branch of the dungeon, and saw 2 of its levels.

You collected 27 gold pieces.


Innate Abilities, Weirdness & Mutations

You are a hulking beast.
Your limbs bulge with bestial killing power. (Slay +1)
You cannot wear most types of armour.
You are amphibious.
You can wear up to eight rings at the same time.
Your skin changes colour to match your surroundings (Stealth+).
Your rubbery body absorbs attacks. (AC +1, EV +1)
((You are camouflaged when in or above water. (Stealth+)))
You have tentacles for arms and can constrict up to eight enemies at once.


   Skills:
 - Level 1.0 Fighting
 - Level 2.0 Dodging
 + Level 4.7 Stealth
 - Level 3.0 Unarmed Combat
 - Level 3.0 Shapeshifting


You had 2 spell levels left.
You didn't know any spells.
Your spell library contained the following spells:

 Spells                   Type           Power      Damage    Failure   Level
 Frozen Ramparts          Ice            0%         1d1       69%         3
 Gell's Gravitas          Tloc           0%         N/A       69%         3
 Teleport Other           Tloc           0%         N/A       69%         3
 Leda's Liquefaction      Alch/Erth      0%         N/A       97%         4
 Petrify                  Alch/Erth      0%         N/A       97%         4
 Metabolic Englaciation   Hex/Ice        0%         N/A       100%        5
 Dispersal                Tloc           0%         N/A       100%        6

Inventory:

Talismans
 b - a beast talisman
 c - a flux talisman
Scrolls
 d - a scroll of teleportation {unknown}
 f - a scroll of enchant weapon {unknown}
 h - a scroll of identify {unknown}
Potions
 a - a potion of lignification {!q}
 e - a potion of invisibility {unknown}
 g - 2 potions of curing {unknown}

Dungeon Overview and Level Annotations

Branches:
Dungeon (2/15) Zot: 10779

Altars:

Annotations:
D:2 Robin gg. ...###### g.g

..........
#g# #..
###### #g#
...... #.#
###### #.#
##.##
##..g##
#...#h#
#...g## #
#....####
####
##<......+
+...
#......###
####
#..#.#.# #
#..###.#
#...##.#
#.#.##.#
#+#


You could see Robin and a goblin.


Message History

You now have 21 gold pieces (gained 5).
g - 2 glowing grey potions (gained 1)
h - a scroll labelled JEMEFOA XOXAUPU HP[+4]
Your hp is fully restored (23).
A rat comes into view.
The rat squeaks loudly.
The rat bites you.
HP[-3]
You take 3 damage, and now have 20/23 hp.
You closely miss the rat. You grab the rat. You squeeze the rat.
You kill the rat!
HP[+1] No target in view!
No target in view!
No target in view!
No target in view!
No target in view!
No target in view!
No target in view!
No target in view!
No target in view!
No target in view!
No target in view!
You see here a rat corpse.
You see here a rat corpse.
You now have 27 gold pieces (gained 6).
Found an escape hatch in the ceiling.
HP[+2]
Your hp is fully restored (23). 2 goblins come into view.
The goblin shouts!
You hear a shout! x2
A goblin comes into view. It is wielding a +0 club.
There are monsters nearby!
There are monsters nearby!
Robin and 2 goblins come into view.
Robin is wielding a +3 dagger of flaming.
Robin shouts!
The goblin shouts! x3
A goblin comes into view. It is wielding a +0 dagger. x2
You hear a shout!
Robin throws the goblin at you!
A goblin comes into view.
It is wielding a +1 dagger of protection.
The goblin completely misses you.
HP[-1]
You take 1 damage, and now have 22/23 hp.
Robin throws the goblin at you! The goblin completely misses you.
A goblin comes into view. It is wielding a +0 dagger.
A goblin comes into view. It is wielding a +0 club.
The goblin hits you with a +0 dagger.
HP[-6]
You take 6 damage, and now have 16/23 hp.
MASSIVE DAMAGE!! (PAUSE)
The goblin hits you with a +0 dagger.
HP[-2]
You take 2 damage, and now have 14/23 hp.
HP[+1]
You tentacle-slap the goblin.
You kill the goblin!
You tentacle-slap the goblin. You grab the goblin. You squeeze the goblin.
You kill the goblin!
You barely miss the goblin. Your grab misses the goblin.
Your squeeze misses the goblin. The goblin misses you.
You tentacle-slap the goblin.
You kill the goblin!
HP[+1]
You barely miss the goblin. You grab the goblin.
Your squeeze misses the goblin. You constrict the goblin.
The goblin misses you.
You bludgeon the goblin!
You kill the goblin!
You tentacle-slap the goblin. You grab the goblin. You constrict the goblin.
The goblin hits you but does no damage.
You tentacle-slap the goblin.
You kill the goblin!
Robin throws the goblin at you!
HP[-2]
You take 2 damage, and now have 14/23 hp.
You closely miss the goblin. You grab the goblin. You constrict the goblin.
The goblin misses you. The goblin hits you with a +0 dagger.
Robin says, "Duck!"
HP[-2]
You take 2 damage, and now have 12/23 hp.
You bludgeon the goblin!
You kill the goblin!
The goblin closely misses you.
You tentacle-slap the goblin. You grab the goblin.
You tentacle-slap the goblin.
You kill the goblin!
The goblin hits you with a +0 dagger.
* * * LOW HITPOINT WARNING * * *
HP[-4]
You take 4 damage, and now have 8/23 hp.
You are too injured to fight recklessly!
You are too injured to fight recklessly!
You closely miss Robin. Your grab misses Robin.
The goblin hits you with a +0 dagger.
* * * LOW HITPOINT WARNING * * *
Robin hits you with a +3 dagger of flaming.
You die...
Robin says, "And that's why I'm the boss."

Skill      XL: |  1  2  3 |
---------------+----------+-----
Stealth        | 2 3 4 |  4.7
Fighting       | |  1.0
Dodging        | |  2.0
Unarmed Combat | |  3.0
Shapeshifting  | |  3.0

Action                     || total
---------------------------++-------
  Melee: Unarmed           ||    58
         Constrict         ||    22
         Tentacles         ||    11
         Punch             ||     2
   Stab: Sleeping          ||     4
 Armour: Skin              ||    18
  Dodge: Dodged            ||    31

Levels and vault maps discovered:
D:1:      doesnt_arrival_eight_statues, layout_basic
D:2:      layout_loops_corners, serial_shops, nicolae_shop_tiny_statue_garden,
          minmay_indecisive_spiral, uniq_robin

Notes
Turn   | Place    | Note
-------+----------+-------------------------------------------
     0 | D:1      | zeratav the Octopode Shapeshifter began the quest for the
                  | Orb.
     0 | D:1      | Reached XP level 1. HP: 13/13 MP: 1/1
     0 | D:1      | magus.rc [v1.9.6]
    69 | D:1      | Reached skill level 1 in Stealth
   335 | D:1      | Reached skill level 2 in Stealth
   337 | D:1      | Reached XP level 2. HP: 12/18 MP: 2/2
   614 | D:1      | Reached skill level 3 in Stealth
   928 | D:2      | You pick up a book of Sloth and begin reading...
   928 | D:2      | You add the spells Frozen Ramparts, Leda's Liquefaction,
                  | Petrify and Metabolic Englaciation to your library.
   985 | D:2      | Reached XP level 3. HP: 23/23 MP: 3/3
   991 | D:2      | Reached skill level 4 in Stealth
  1038 | D:2      | You add the spells Gell's Gravitas, Teleport Other and
                  | Dispersal to your library.
  1207 | D:2      | Noticed Robin
  1223 | D:2      | HP: 4/23 [goblin/+0 dagger[Robin] (4)]
  1223 | D:2      | Slain by Robin

Vanquished Creatures
  An adder (D:2)
  A dart slug (D:2)
  3 endoplasms
  9 goblins
  2 hobgoblins
  3 jackals (D:1)
  A quokka (D:2)
  A ball python (D:1)
  3 bats
  A frilled lizard (D:1)
  3 kobolds (D:1)
  3 rats
31 creatures vanquished.

Table legend:
 A = Non-vault XP
 B = Vault XP
 C = Vault XP percentage of total XP
 D = Non-vault monster count
 E = Vault monster count
 F = Vault count percentage of total count
                 A         B        C        D         E       F
            +---------+---------+-------+---------+---------+-------
      Total |      33 |      32 |  49.2 |      20 |      11 |  35.5
            +---------+---------+-------+---------+---------+-------
        D:1 |      23 |       0 |   0.0 |      14 |       0 |   0.0
        D:2 |      10 |      32 |  76.2 |       6 |      11 |  64.7
            +---------+---------+-------+---------+---------+-------

Skill      XL: |  1  2  3 |
---------------+----------+-----
Stealth        | 2 3 4 |  4.7
Fighting       | |  1.0
Dodging        | |  2.0
Unarmed Combat | |  3.0
Shapeshifting  | |  3.0

Action                     || total
---------------------------++-------
  Melee: Unarmed           ||    58
         Constrict         ||    22
         Tentacles         ||    11
         Punch             ||     2
   Stab: Sleeping          ||     4
 Armour: Skin              ||    18
  Dodge: Dodged            ||    31

Illustrated notes

Table legend:
 A = Kills in this place as a percentage of kills in the entire game.
 B = Kills by you in this place as a percentage of kills by you in the entire game.
 C = Kills by friends in this place as a percentage of kills by friends in the entire game.
 D = Other kills in this place as a percentage of other kills in the entire game.
 E = Experience gained in this place as a percentage of experience gained in the entire game.
 F = Experience gained in this place divided by the number of levels of this place that you have seen.
                   A       B       C       D       E      F
               +-------+-------+-------+-------+-------+----------------------
         Total | 100.0 | 100.0 |   N/A |   N/A | 100.0 |  32.5
       Dungeon | 100.0 | 100.0 |   N/A |   N/A | 100.0 |  32.5
               +-------+-------+-------+-------+-------+----------------------

Table legend: (Time is in decaauts)
 A = Elapsed time spent in this place.
 B = Non-inter-level travel time spent in this place.
 C = Inter-level travel time spent in this place.
 D = Time resting spent in this place.
 E = Time spent auto-exploring this place.
 F = Levels seen in this place.
 G = Mean time per level.
                   A        B        C        D        E       F      G
               +--------+--------+--------+--------+--------+-----+--------+
         Total |   1219 |   1208 |     11 |      0 |   1068 |   2 |  609.5 |
       Dungeon |   1219 |   1208 |     11 |      0 |   1068 |   2 |  609.5 |
               +--------+--------+--------+--------+--------+-----+--------+

Top non-repeatable levels by time:
     D:1: 857 daAuts
     D:2: 361 daAuts
